 Dungeon Crawl Stone Soup version 0.13.0-13-g27bfa31 (webtiles) character file.

175 Leibowitz the Sneak (level 3, 0/19 HPs)
             Began as a Kobold Enchanter on Oct 20, 2013.
             Slain by an inept fountain mimic (5 damage)
             ... on Level 2 of the Dungeon.
             The game lasted 00:05:07 (2072 turns).

Leibowitz the Sneak (Kobold Enchanter)              Turns: 2072, Time: 00:05:08

HP   0/19        AC  3     Str  6      XL: 3   Next: 97%
MP   6/6         EV 15     Int 13      God:
Gold 128         SH  0     Dex 15      Spells:  2 memorised,  1 level left

Res.Fire  : . . .   See Invis. : .   a - +1 dagger {=f}
Res.Cold  : . . .   Warding    : .   b - +1 robe
Life Prot.: . . .   Conserve   : .   (no shield)
Res.Poison: .       Res.Corr.  : .   (no helmet)
Res.Elec. : .       Clarity    : .   (no cloak)
Sust.Abil.: . .     Spirit.Shd : .   (no gloves)
Res.Mut.  : .       Stasis     : .   (no boots)
Res.Rott. : .       Flight     : .   (no amulet)
Saprovore : + + .                    (no ring)
                                     (no ring)

@: held, not resistant to hostile enchantments, stealthy
A: disease resistance, carnivore 3, saprovore 2, Str -2
a: no special abilities


You were on level 2 of the Dungeon.
You were not hungry.

You visited 1 branch of the dungeon, and saw 2 of its levels.

You collected 108 gold pieces.

Inventory:

Hand weapons
 a - a +1,+1 dagger (weapon) {=f}
Missiles
 d - 12 darts (quivered)
Armour
 b - a +1 robe (worn)
Comestibles
 f - a meat ration
Scrolls
 e - a scroll of remove curse {unknown}
 h - a scroll of amnesia {unknown}
 i - a scroll of enchant weapon I {unknown}
 m - a scroll of identify {unknown}
 n - a scroll of recharging {unknown}
Books
 c - a book of Maledictions

   Spells                             Type                      Level
   *Corona                            Hexes                        1
   Sure Blade                         Hexes/Charms                 2
   *Ensorcelled Hibernation           Hexes/Ice                    2
   Confuse                            Hexes                        3
   Enslavement                        Hexes                        4
   Invisibility                       Hexes                        6


   Skills:
 * Level 0.7 Fighting
 + Level 1.5 Short Blades
 - Level 1.3 Throwing
 * Level 2.7 Dodging
 * Level 3.7 Stealth
 + Level 1.3 Spellcasting
 + Level 3.5 Hexes
 + Level 0.6 Ice Magic


You had one spell level left.
You knew the following spells:

 Your Spells              Type           Power        Failure   Level  Hunger
a - Corona                Hex            #......      10%         1    ##.....
b - Ensorcelled Hibernat  Hex/Ice        #.....       21%         2    ###....


Dungeon Overview and Level Annotations

Branches:
Dungeon (2/27)

Altars:


Innate Abilities, Weirdness & Mutations

You recuperate from illness quickly.
You are small and have problems with some larger weapons.
You are carnivorous and can eat meat at any time.
You can eat rotten meat.
You are weak. (Str -2)


Message History

The inept fountain mimic misses you.
You hit the inept fountain mimic.
The inept fountain mimic is moderately damaged.
The inept fountain mimic splashes you.
* * * LOW HITPOINT WARNING * * *
You hit the inept fountain mimic but do no damage.
The inept fountain mimic is moderately damaged.
The inept fountain mimic closely misses you.
You hit the inept fountain mimic but do no damage.
The inept fountain mimic is moderately damaged.
The inept fountain mimic splashes you but does no damage.
You barely miss the inept fountain mimic.
The inept fountain mimic is moderately damaged.
The inept fountain mimic misses you.
You hit the inept fountain mimic but do no damage.
The inept fountain mimic is moderately damaged.
You hit the inept fountain mimic but do no damage.
The inept fountain mimic is moderately damaged.
The inept fountain mimic splashes you.
You die...

#.############## ##.# ..# #..#
### ######'####### #
#............. # ##
#............. #### ##.##
#.##.##....... '..########
##...#####...#.......
##.........
#..⌠.......⌠.........
##########...#..@#####...#......
# ##.## ##.##>.... # #. #.# ....
# #. #.# . . # #. #.# #. #.# ..
. .⌠ .


You could see an inept fountain mimic.

Vanquished Creatures
  Terence (D:2)
  An adder (D:2)
  2 giant geckos (D:1)
  3 bats (D:2)
  2 giant cockroaches (D:1)
  4 goblins (D:1)
  2 hobgoblins (D:1)
  4 kobolds (D:1)
  3 giant newts
  3 rats
25 creatures vanquished.

Notes
Turn   | Place    | Note
--------------------------------------------------------------
     0 | D:1      | Leibowitz, the Kobold Enchanter, began the quest for the Orb.
     0 | D:1      | Reached XP level 1. HP: 10/10 MP: 3/3
   539 | D:1      | Reached XP level 2. HP: 12/15 MP: 2/4
   543 | D:1      | Learned a level 2 spell: Ensorcelled Hibernation
  1194 | D:1      | Reached XP level 3. HP: 19/19 MP: 5/5
  1353 | D:2      | Gained mutation: Your mind is acute. (Int +2) [potion of mutation]
  1353 | D:2      | Gained mutation: You are weak. (Str -2) [potion of mutation]
  1353 | D:2      | Lost mutation: Your mind is acute. (Int +2) [potion of mutation]
  1580 | D:2      | Noticed Terence
  1651 | D:2      | Killed Terence
  2072 | D:2      | Slain by an inept fountain mimic

Action                   || total
-------------------------++-------
Melee: Dagger            ||   121
Throw: Dart              ||     1
 Cast: Corona            ||    11
       Ensorcelled Hiber ||    11
  Use: Potion            ||     8
 Stab: Sleeping          ||    14
